 Dungeon Crawl Stone Soup version 0.20.1-1-g8b1a95d (webtiles) character file.

64575 wnhky the Fighter (level 14, 0/133 HPs)
             Began as a Minotaur Fighter on Sept 10, 2017.
             Was a High Priest of Okawaru.
             Incinerated by a smoke demon (8 damage)
             ... with a sticky flame
             ... on level 2 of the Orcish Mines.
             The game lasted 00:53:19 (21483 turns).

wnhky the Fighter (Minotaur Fighter)               Turns: 21483, Time: 00:53:19

Health: 0/133      AC: 29    Str: 28    XL:     14   Next: 72%
Magic:  27/27      EV: 13    Int:  1    God:    Okawaru [*****.]
Gold:   1896       SH: 15    Dex: 14    Spells: 13/13 levels left

rFire    . . .     SeeInvis .   A - +0 broad axe (chop)
rCold    + + +     Gourm    .   c - +1 shield
rNeg     . . .     Faith    .   B - +8 plate armour of Perfidy {rElec Int-4 Stlth+}
rPois    .         Spirit   .   (helmet restricted)
rElec    +         Reflect  .   m - +0 cloak
rCorr    .         Harm     .   F - +0 pair of gloves
MR       .....                  q - +0 pair of boots
Stlth    ..........             H - amulet of regeneration
Regen    0.8/turn               T - ring of Egalitarianism {+Inv rC+++ MR- Str-2 Stlth-}
MPRegen  0.2/turn               U - ring "Raecaz" {*Corrode +Inv MP+9 Str+8 Stlth+}

@: liquid flames, glowing
A: retaliatory headbutt, horns 2
a: Heroism, Finesse, Renounce Religion, Evoke Invisibility


You were on level 2 of the Orcish Mines.
You worshipped Okawaru.
Okawaru was extremely pleased with you.
You were not hungry.

You visited 3 branches of the dungeon, and saw 21 of its levels.
You visited 1 bazaar.
You also visited: Labyrinth, Sewer and Ice Cave.

You collected 2467 gold pieces.
You spent 571 gold pieces at shops.

Inventory:

Hand Weapons
 A - a +0 broad axe of chopping (weapon)
Armour
 c - a +1 shield (worn)
 m - a +0 cloak (worn)
 q - a +0 pair of boots (worn)
 B - the +8 plate armour of Perfidy (worn) {rElec Int-4 Stlth+}
   (You bought it in a shop in a bazaar)

   It affects your intelligence (-4).
   It insulates you from electricity.
   It makes you more stealthy.
 F - a +0 pair of gloves (worn)
 L - the +1 plate armour of the Bruised Lovers {Str+3}
   (You found it on level 4 of the Lair of Beasts)

   It affects your strength (+3).
 O - +0 ice dragon scales
Jewellery
 l - a +3 ring of intelligence
 v - a +5 ring of protection
 E - a +2 ring of strength
 H - an amulet of regeneration (around neck)
 N - an uncursed ring of positive energy
 P - an uncursed ring of protection from magic
 R - an uncursed ring of flight
 T - the ring of Egalitarianism (left hand) {+Inv rC+++ MR- Str-2 Stlth-}
   (You took it off a minotaur in a labyrinth)

   [ring of loudness]

   It affects your strength (-2).
   It renders you almost immune to cold.
   It affects your resistance to hostile enchantments.
   It lets you turn invisible.
   It makes you less stealthy.
 U - the ring "Raecaz" (right hand) {*Corrode +Inv MP+9 Str+8 Stlth+}
   (You found it in an ice cave)

   [ring of stealth]

   It affects your strength (+8).
   It affects your magic capacity (+9).
   It lets you turn invisible.
   It may corrode you when you take damage.
   It makes you more stealthy.
Wands
 a - a wand of digging (11/24)
Scrolls
 d - 4 scrolls of enchant armour
 h - 4 scrolls of teleportation
 i - 4 scrolls of fog
 j - 7 scrolls of fear
 p - 8 scrolls of remove curse
 r - 3 scrolls of recharging
 s - 5 scrolls of blinking
 u - 3 scrolls of enchant weapon
 y - a scroll of silence {unknown}
 D - 6 scrolls of identify
Potions
 b - a potion of resistance {unknown}
 e - 4 potions of curing
 k - 5 potions of flight
 n - 3 potions of invisibility
 o - 2 potions of berserk rage
 t - a potion of haste {unknown}
 w - 3 potions of agility
 z - a potion of might
 I - 3 potions of mutation {unknown}
 J - 2 potions of lignification {unknown}
 Q - a potion of heal wounds {unknown}
Comestibles
 f - 16 bread rations
 g - 4 royal jellies
 x - 3 meat rations
 K - 24 fruits


   Skills:
 * Level 14.5 Fighting
 * Level 14.1 Axes
 * Level 14.1 Armour
 + Level 9.3 Dodging
 * Level 14.2 Shields
 + Level 7.4 Invocations


You had 13 spell levels left.
You didn't know any spells.

Dungeon Overview and Level Annotations

Branches:
Dungeon (13/15)            Temple (0/1) D:6            Lair (6/6) D:9
  Swamp (0/4) Lair:4       Spider (0/4) Lair:3        Slime (0/5) Lair:5
    Orc (2/2) D:12            Elf (0/3) Orc:2
 Vaults: D:13-14

Altars:
Dithmenos
Fedhas
Gozag
Hepliaklqana
Makhleb
Nemelex Xobeh
Okawaru
Qazlal
Vehumet
Xom
The Shining One
Beogh

Shops:
Orc:2 *


Innate Abilities, Weirdness & Mutations

You reflexively headbutt those who attack you in melee.
You have a pair of horns on your head.


Message History

The orc warrior throws a tomahawk.
You block the tomahawk.
You see here a tomahawk.
As you read the scroll of teleportation, it crumbles to dust.
You feel strangely unstable.
The orc warrior is engulfed in a cloud of scalding steam.
The smoke demon gestures at you. The sticky flame hits you!
You are covered in liquid flames!
You feel better.
You are covered in liquid flames!
* * * LOW HITPOINT WARNING * * *
The orc priest casts a cantrip, but nothing happens.
The smoke demon gestures at you. The ball of steam hits you!
* * * LOW HITPOINT WARNING * * *
You are covered in liquid flames!
* * * LOW HITPOINT WARNING * * *
Your surroundings suddenly seem different.
You are covered in liquid flames!
You die...

....[..............##**#$.,,***,,
....................###..########
....))...............#...#...∩.§.
...#[.............#.#....#.....§§
.......#.................#......§
........#.........#.....##....§..
.............#.....##.##*#§§...§.
....#.....##.#......### #....§..
.....#..........@.....## #..§....
#....##...#.<#.........###§...§.§
#.....####<..#.#...##...##..§.§..
##....# ##.#......###..##.......
###.## *...#.##.## #...^.......
*** #...###### ##.........# ##.##
##.....#... ### #.........
##........


There were no monsters in sight!

Vanquished Creatures
  2 slime creatures (D:12)
  A minotaur (Lab)
  Josephine (D:10)
  2 ice dragons (IceCv)
  3 catoblepae (Lair:6)
  5 hydras
  5 two-headed ogres
  9 death yaks (Lair:6)
  Urug (D:10)
  An unseen horror (D:11)
  A necromancer (Lair:4)
  2 orc knights
  An oklob plant (Lair:5)
  3 ugly things
  2 manticores (Lair:6)
  9 elephants
  2 ice statues (IceCv)
  Joseph (Lair:1)
  A centaur zombie (D:11)
  15 spiny frogs
  7 komodo dragons
  5 rime drakes
  A freezing wraith (D:10)
  4 trolls
  A jumping spider (Lair:3)
  4 polar bears (Lair:1)
  Grinder (D:5)
  A minotaur skeleton (Lab)
  10 blink frogs
  9 hippogriffs
  3 wraiths (D:10)
  2 vampires
  3 redbacks
  53 yaks
  4 basilisks
  A wyvern (D:9)
  A fire elemental (Lair:2)
  2 hungry ghosts
  Grum (D:11)
  A warg (Orc:2)
  2 acid dragons
  Duvessa (D:5)
  5 water moccasins
  3 porcupines (Lair:5)
  2 elephant zombies (Lair:4)
  15 ice beasts
  22 orc warriors
  2 sky beasts
  Purgy (Sewer)
  2 black bears
  11 wolves
  3 phantoms
  A centaur (D:5)
  A boggart (D:10)
  8 ogres
  A komodo dragon zombie (Lair:4)
  Blork the orc (D:4)
  5 big kobolds
  8 crocodiles
  A gnoll sergeant (D:11)
  14 bullfrogs
  3 wyvern zombies
  Dowan (D:5)
  8 scorpions
  11 killer bees
  9 electric eels
  3 howler monkeys
  6 bullfrog zombies
  7 crimson imps
  18 orc priests
  A quasit (D:9)
  A basilisk zombie (Lair:4)
  An iron imp (D:8)
  3 centaur skeletons
  6 jellies
  A bullfrog skeleton (D:4)
  12 hounds
  11 orc wizards
  6 iguanas
  Terence (D:3)
  13 worker ants
  A hound skeleton (D:9)
  Robin (D:3)
  11 gnolls
  15 adders
  4 shadow imps
  A worker ant simulacrum (D:10)
  An ooze (D:1)
  An adder skeleton (D:8)
  3 worms
  5 leopard geckos
  53 orcs
  3 ball pythons
  7 giant cockroaches
  20 goblins
  9 hobgoblins
  10 jackals
  2 quokkas
  14 bats
  8 frilled lizards
  A goblin skeleton (D:8)
  A goblin zombie (D:8)
  5 hobgoblin zombies (D:8)
  36 kobolds
  3 kobold skeletons (D:8)
  A kobold zombie (D:8)
  An orc skeleton (D:8)
  A quokka skeleton (D:5)
  12 rats
  6 fungi
  2 plants (Lair:6)
650 creatures vanquished.

Vanquished Creatures (others)
  5 dream sheep (D:3)
  A crimson imp (D:5)
  A hound (D:9)
  3 orcs (Orc:2)
  5 fungi
  6 plants
21 creatures vanquished.

Grand Total: 671 creatures vanquished

Notes
Turn   | Place    | Note
-------+----------+-------------------------------------------
     0 | D:1      | wnhky the Minotaur Fighter began the quest for the Orb.
     0 | D:1      | Reached XP level 1. HP: 19/19 MP: 0/0
   319 | D:1      | Reached XP level 2. HP: 25/27 MP: 1/1
   673 | D:1      | Reached XP level 3. HP: 29/33 MP: 2/2
  1122 | D:2      | Found a sparkling altar of Nemelex Xobeh.
  1184 | D:2      | Reached skill level 1 in Dodging
  1213 | D:2      | Reached XP level 4. HP: 36/41 MP: 3/3
  1399 | D:3      | Reached XP level 5. HP: 17/47 MP: 4/4
  1611 | D:3      | Found a faded altar of an unknown god.
  1769 | D:3      | Noticed Terence
  1772 | D:3      | Killed Terence
  1772 | D:3      | Reached skill level 5 in Fighting
  1793 | D:3      | Noticed a dream sheep
  1793 | D:3      | Noticed a dream sheep
  1793 | D:3      | Noticed a dream sheep
  1793 | D:3      | Noticed a dream sheep
  1793 | D:3      | Noticed a dream sheep
  1793 | D:3      | Found a shimmering altar of Xom.
  1797 | D:3      | Killed a dream sheep
  1797 | D:3      | Killed a dream sheep
  1799 | D:3      | Killed a dream sheep
  1799 | D:3      | Killed a dream sheep
  1799 | D:3      | Killed a dream sheep
  1901 | D:3      | Found a glowing drain.
  1918 | Sewer    | Entered a sewer
  1952 | Sewer    | Noticed Purgy
  1964 | Sewer    | Killed Purgy
  1964 | Sewer    | Reached XP level 6. HP: 27/56 MP: 5/5
  2258 | D:3      | Noticed Robin
  2266 | D:3      | Killed Robin
  2266 | D:3      | Reached skill level 5 in Shields
  2649 | D:4      | Noticed Blork the orc
  2665 | D:4      | Killed Blork the orc
  2665 | D:4      | Reached skill level 5 in Armour
  3158 | D:4      | Reached skill level 5 in Axes
  3226 | D:4      | Reached XP level 7. HP: 62/62 MP: 6/6
  3670 | D:5      | Entered Level 5 of the Dungeon
  3760 | D:5      | Found a radiant altar of Vehumet.
  3786 | D:5      | Noticed Grinder
  3788 | D:5      | Paralysed by Grinder for 7 turns
  3810 | D:5      | Killed Grinder
  3810 | D:5      | Reached XP level 8. HP: 50/71 MP: 7/7
  4033 | D:5      | Noticed Duvessa
  4033 | D:5      | Noticed Dowan
  4046 | D:5      | Killed Duvessa
  4065 | D:5      | Killed Dowan
  4368 | D:5      | Found a stormy altar of Qazlal.
  4709 | D:6      | Found a staircase to the Ecumenical Temple.
  4843 | D:6      | Noticed a two-headed ogre
  4848 | D:6      | Killed a two-headed ogre
  4848 | D:6      | Reached XP level 9. HP: 67/81 MP: 8/8
  4959 | D:6      | Found a hazy altar of Hepliaklqana.
  5261 | D:7      | Found an iron altar of Okawaru.
  5296 | D:7      | Became a worshipper of Warmaster Okawaru
  5616 | D:7      | Found an opulent altar of Gozag.
  5683 | D:7      | Reached * piety under Okawaru
  5683 | D:7      | Reached skill level 1 in Invocations
  5804 | D:7      | Found a blossoming altar of Fedhas.
  6067 | D:7      | Reached XP level 10. HP: 91/91 MP: 10/10
  6167 | D:8      | Reached ** piety under Okawaru
  6393 | D:8      | Reached skill level 5 in Dodging
  6476 | D:8      | Found a glowing golden altar of the Shining One.
  6501 | D:8      | Found a shadowy altar of Dithmenos.
  6575 | D:8      | Got a faintly humming leather armour
  6586 | D:8      | Identified the +4 leather armour "Zoriudaim" {*Slow +Inv rPois Str+4} (You found it on level 8 of the Dungeon)
  7236 | D:9      | Reached *** piety under Okawaru
  7548 | D:9      | Noticed a two-headed ogre
  7566 | D:9      | Killed a two-headed ogre
  7566 | D:9      | Reached skill level 10 in Fighting
  7820 | D:9      | Found a shimmering altar of Xom.
  7833 | D:9      | Reached **** piety under Okawaru
  7855 | D:9      | Reached skill level 10 in Shields
  8000 | D:9      | Found a staircase to the Lair.
  8528 | D:9      | Reached XP level 11. HP: 24/100 MP: 12/12
  9304 | D:9      | Reached skill level 10 in Armour
  9795 | D:10     | Entered Level 10 of the Dungeon
  9824 | D:10     | Reached skill level 10 in Axes
  9833 | D:10     | Noticed Josephine
  9855 | D:10     | Killed Josephine
  9917 | D:10     | Noticed Urug
  9939 | D:10     | Killed Urug
 10054 | D:10     | Noticed a two-headed ogre
 10063 | D:10     | Killed a two-headed ogre
 10063 | D:10     | Reached ***** piety under Okawaru
 10386 | D:10     | Noticed a cyan ugly thing
 10397 | D:10     | Killed a cyan ugly thing
 10397 | D:10     | Received a gift from Okawaru
 10734 | D:10     | Got a fine emerald amulet
 10745 | D:10     | Identified the amulet "Xeduuddung" {Inacc rPois rC+ Int-4 SInv} (You found it on level 10 of the Dungeon)
 10756 | D:10     | Noticed a two-headed ogre
 10765 | D:10     | Killed a two-headed ogre
 11242 | D:11     | Noticed Grum
 11256 | D:11     | Killed Grum
 11723 | D:11     | Received a gift from Okawaru
 11761 | D:11     | Noticed a green ugly thing
 11768 | D:11     | Reached XP level 12. HP: 78/110 MP: 14/14
 12718 | D:12     | Reached skill level 5 in Invocations
 12794 | D:12     | Received a gift from Okawaru
 12806 | D:12     | Got an iridescent hand axe {god gift}
 12807 | D:12     | Identified the +3 hand axe "Nomedgh" {flame, Dex+2} (Okawaru gifted it to you on level 12 of the Dungeon)
 12991 | D:12     | Found a staircase to the Orcish Mines.
 13007 | D:12     | Found a roughly hewn altar of Beogh.
 13114 | D:12     | Noticed a two-headed ogre
 13125 | D:12     | Killed a two-headed ogre
 13377 | D:13     | Noticed a death knight
 13620 | Lair:1   | Entered Level 1 of the Lair of Beasts
 13807 | Lair:1   | Noticed a four-headed hydra
 13815 | Lair:1   | Killed a six-headed hydra
 14098 | Lair:1   | Noticed Joseph
 14110 | Lair:1   | Killed Joseph
 14116 | Lair:1   | Reached XP level 13. HP: 113/119 MP: 16/16
 14554 | Lair:2   | Found a labyrinth entrance.
 14569 | Lab      | Entered a labyrinth
 15015 | Lab      | Noticed a minotaur
 15026 | Lab      | Killed a minotaur
 15028 | Lab      | Got an ancient wooden ring
 15030 | Lab      | Identified the ring of Egalitarianism {+Inv rC+++ MR- Str-2 Stlth-} (You took it off a minotaur in a labyrinth)
 16162 | Lair:3   | Found a hole to the Spider Nest.
 16229 | Lair:3   | Received a gift from Okawaru
 17350 | Lair:4   | Found a staircase to the Swamp.
 17638 | Lair:4   | Got a transparent plate armour
 17649 | Lair:4   | Identified the +1 plate armour of the Bruised Lovers {Str+3} (You found it on level 4 of the Lair of Beasts)
 18322 | Lair:5   | Found a frozen archway.
 18443 | IceCv    | Entered an ice cave
 18647 | IceCv    | Reached XP level 14. HP: 63/129 MP: 10/18
 18731 | IceCv    | Got a twitching platinum ring
 18752 | IceCv    | Identified the ring "Raecaz" {*Corrode +Inv MP+9 Str+8 Stlth+} (You found it in an ice cave)
 19055 | Lair:5   | Received a gift from Okawaru
 19163 | Lair:5   | Found a staircase to the Slime Pits.
 19448 | Lair:6   | Entered Level 6 of the Lair of Beasts
 20686 | Orc:1    | Entered Level 1 of the Orcish Mines
 20686 | Orc:1    | Found a burning altar of Makhleb.
 21014 | Orc:2    | Entered Level 2 of the Orcish Mines
 21105 | Orc:2    | Found a flickering gateway to a bazaar.
 21117 | Bazaar   | Entered a bazaar
 21133 | Bazaar   | Found Movehore's Armour Shoppe.
 21165 | Bazaar   | Found Monyosae's Armour Emporium.
 21266 | Bazaar   | Bought the +8 plate armour of Perfidy {rElec Int-4 Stlth+} for 571 gold pieces
 21459 | Orc:2    | Found Ytsoa's General Store.
 21483 | Orc:2    | Incinerated by a smoke demon

Skill      XL: |  1  2  3  4  5  6  7  8  9 10 11 12 13 14 |
---------------+-------------------------------------------+-----
Fighting       | 4 5 6 8 9 10 11 12 13 14 | 14.5
Shields        | 4 5 6 7 8 10 11 12 13 14 | 14.2
Armour         | 4 5 6 7 8 9 11 12 13 14 | 14.1
Axes           | 3 4 5 6 7 8 9 11 12 13 14 | 14.1
Dodging        | 1 2 3 4 5 6 7 8 9 |  9.3
Invocations    | 1 3 4 5 6 7 |  7.4

Action                   |  1- 3 |  4- 6 |  7- 9 | 10-12 | 13-15 || total
-------------------------+-------+-------+-------+-------+-------++-------
Melee: War axe           |    97 |   163 |   292 |   390 |   326 ||  1268
       Headbutt          |    13 |    35 |    66 |   203 |   219 ||   536
       Broad axe         |       |       |       |   406 |   457 ||   863
Invok: Heroism           |       |       |       |    10 |     9 ||    19
       Finesse           |       |       |       |     1 |     5 ||     6
 Abil: Evoke Flight      |       |       |       |       |     1 ||     1
  Use: Scroll            |       |     9 |     5 |     5 |     9 ||    28
       Potion            |       |     1 |       |     1 |     1 ||     3
 Stab: Held in net/web   |       |       |       |     2 |       ||     2
  Eat: Chunk             |     1 |     7 |     8 |    18 |    12 ||    46
       Fruit             |       |       |     2 |    10 |     6 ||    18
       Meat ration       |       |       |       |       |     2 ||     2
Armor: Scale mail        |    40 |       |       |       |       ||    40
       Chain mail        |       |    86 |    48 |       |       ||   134
       Plate armour      |       |       |    85 |   320 |   354 ||   759
Dodge: Dodged            |    28 |    30 |    80 |   222 |   282 ||   642
Block: Shield            |    48 |   111 |   169 |   524 |   532 ||  1384
